PL
LAS VEGAS FLAMINGOS @ PORTLAND EVERGREENS
09/17/2037
 
TOP OF THE 1ST
Las Vegas Flamingos batting - Pitching for Portland Evergreens : RHP Hiro Kurasawa
Pitching: RHP Hiro Kurasawa
Batting: SHB Glyn Bolasky 0-0: Ball
1-0: Ball
2-0: Ball
3-0: Called Strike
3-1: Foul Ball, location: 2F
3-2: Base on Balls
Batting: RHB Sake van Arem 0-0: Ball
1-0: DOUBLE (Groundball, 5L, EV 94.4 MPH)
Glyn Bolasky to third
Batting: LHB Ruud van Ineveld 0-0: Ground out 4-3 (Groundball, 4MD, EV 76.2 MPH)
Glyn Bolasky scores
Sake van Arem to third
Batting: RHB Baldomero Avino 0-0: Called Strike
0-1: Ball
1-1: Ball
2-1: Ball
3-1: Swinging Strike
3-2: Foul Ball, location: 2F
3-2: Base on Balls
Batting: RHB Xavier Hernández 0-0: Ball
1-0: Called Strike
1-1: Grounds into double play, 3-6-3 (Groundball, 34, EV 95.0 MPH)
Top of the 1st over - 1 run, 1 hit, 0 errors, 1 left on base; Las Vegas 1 - Portland 0
BOTTOM OF THE 1ST
Portland Evergreens batting - Pitching for Las Vegas Flamingos : RHP Hikaru Yamaguchi
Pitching: RHP Hikaru Yamaguchi
Batting: SHB Willie McGirt 0-0: Foul Ball, location: 2F
0-1: Swinging Strike
0-2: Foul Ball, location: 2F
0-2: Ball
1-2: Strikes out swinging
Batting: RHB Jeff Solís 0-0: Foul Ball, location: 2F
0-1: Foul Ball, location: 2F
0-2: Ball
1-2: SINGLE (Line Drive, 6MD, EV 103.1 MPH)
Batting: RHB Blaze Alexander 0-0: Foul Ball, location: 2F
0-1: Ball
1-1: 2-RUN HOME RUN (Flyball, 7LD, EV 106.9 MPH), Distance : 363 ft
Batting: SHB Billy Dotson 0-0: Foul Ball, location: 2F
0-1: Ball
1-1: Ball
2-1: Fly out, F4 (Line Drive, 4, EV 65.0 MPH)
Batting: LHB John Schaefer 0-0: Called Strike
0-1: Fly out, F7 (Flyball, 7S, EV 65.0 MPH)
Bottom of the 1st over - 2 runs, 2 hits, 0 errors, 0 left on base; Las Vegas 1 - Portland 2
TOP OF THE 2ND
Las Vegas Flamingos batting - Pitching for Portland Evergreens : RHP Hiro Kurasawa
Batting: LHB Victor Adams 0-0: Ball
1-0: Foul Ball, location: 2F
1-1: Ball
2-1: Ball
3-1: Hit by Pitch
Batting: RHB Joseph Papasogli 0-0: Ball
1-0: Foul Ball, location: 2F
1-1: Swinging Strike
1-2: Fielders Choice at 2nd, 6-4 (Groundball, 6, EV 83.8 MPH)
Batting: RHB Freedon Akinmoladun 0-0: Ball
1-0: Fly out, F8 (Flyball, 8LM, EV 81.9 MPH)
Batting: RHB Guillermo Carrizales 0-0: Ball
Wild Pitch!
Joseph Papasogli to second
1-0: Ball
2-0: Ground out 5-3 (Groundball, 5S, EV 80.6 MPH)
Top of the 2nd over - 0 runs, 0 hits, 0 errors, 1 left on base; Las Vegas 1 - Portland 2
BOTTOM OF THE 2ND
Portland Evergreens batting - Pitching for Las Vegas Flamingos : RHP Hikaru Yamaguchi
Batting: RHB Bastiaan Pieterse 0-0: SINGLE (Line Drive, 7S, EV 90.6 MPH)
Batting: RHB Armando Rodríguez 0-0: SINGLE (Groundball, 56D, EV 105.0 MPH)
Bastiaan Pieterse to second
Batting: RHB Yu-shu Tseng 0-0: Ball
1-0: Ball
2-0: Called Strike
2-1: Foul Ball, location: 2F
2-2: Strikes out swinging
Batting: RHB Mei Kim 0-0: Called Strike
0-1: Foul Ball, location: 2F
0-2: Ball
1-2: Strikes out swinging
Batting: SHB Willie McGirt 0-0: Foul Ball, location: 2F
0-1: Ball
1-1: Foul Ball, location: 2F
1-2: Ground out 1-3 (Groundball, 13, EV 66.9 MPH)
Bottom of the 2nd over - 0 runs, 2 hits, 0 errors, 2 left on base; Las Vegas 1 - Portland 2
TOP OF THE 3RD
Las Vegas Flamingos batting - Pitching for Portland Evergreens : RHP Hiro Kurasawa
Batting: SHB Glyn Bolasky 0-0: Called Strike
0-1: SOLO HOME RUN (Flyball, 9LD, EV 93.1 MPH), Distance : 362 ft
Pitching: RHP Vicente Durango
Batting: RHB Sake van Arem 0-0: Ball
1-0: Ball
2-0: Ground out 4-3 (Groundball, 4, EV 101.9 MPH)
Batting: LHB Ruud van Ineveld 0-0: Fly out, F9 (Line Drive, 89S, EV 97.5 MPH)
Batting: RHB Baldomero Avino 0-0: Ball
1-0: Foul Ball, location: 2F
1-1: Ball
2-1: Swinging Strike
2-2: DOUBLE (Line Drive, 7LS, EV 96.2 MPH)
Batting: RHB Xavier Hernández 0-0: Ball
1-0: Called Strike
1-1: Called Strike
1-2: Ball
2-2: Ball
3-2: Fly out, F9 (Flyball, 89M, EV 76.9 MPH)
Top of the 3rd over - 1 run, 2 hits, 0 errors, 1 left on base; Las Vegas 2 - Portland 2
BOTTOM OF THE 3RD
Portland Evergreens batting - Pitching for Las Vegas Flamingos : RHP Hikaru Yamaguchi
Batting: RHB Jeff Solís 0-0: Ball
1-0: Ball
2-0: Ball
3-0: Called Strike
3-1: Bunt - Flyout to P! F1
Batting: RHB Blaze Alexander 0-0: SINGLE (Line Drive, 7LM, EV 107.5 MPH)
Batting: SHB Billy Dotson 0-0: Ball
1-0: Foul Ball, location: 2F
1-1: Called Strike
1-2: Fielders Choice at 2nd, 1-6 (Groundball, 13S, EV 67.5 MPH)
Batting: LHB John Schaefer 0-0: Called Strike
0-1: Ball
1-1: 2-RUN HOME RUN (Line Drive, 9D, EV 99.4 MPH), Distance : 396 ft
Batting: RHB Bastiaan Pieterse 0-0: Called Strike
0-1: SOLO HOME RUN (Flyball, 9D, EV 108.8 MPH), Distance : 377 ft
Batting: RHB Armando Rodríguez 0-0: Foul Ball, location: 2F
0-1: Ball
1-1: SINGLE (Groundball, 4MD, EV 107.5 MPH)
Batting: RHB Yu-shu Tseng 0-0: Called Strike
0-1: Fly out, F8 (Flyball, 8RM, EV 85.6 MPH)
Bottom of the 3rd over - 3 runs, 4 hits, 0 errors, 1 left on base; Las Vegas 2 - Portland 5
TOP OF THE 4TH
Las Vegas Flamingos batting - Pitching for Portland Evergreens : RHP Vicente Durango
Batting: LHB Victor Adams 0-0: Called Strike
0-1: Ball
1-1: Ground out 6-3 (Groundball, 6M, EV 82.5 MPH)
Batting: RHB Joseph Papasogli 0-0: Ball
1-0: Fly out, F9 (Flyball, 89D, EV 84.4 MPH)
Batting: RHB Freedon Akinmoladun 0-0: Called Strike
0-1: SINGLE (Groundball, 34D, EV 97.5 MPH)
Batting: RHB Guillermo Carrizales 0-0: Ball
1-0: Ball
2-0: Foul Ball, location: 2F
2-1: Foul Ball, location: 2F
2-2: Strikes out swinging
Top of the 4th over - 0 runs, 1 hit, 0 errors, 1 left on base; Las Vegas 2 - Portland 5
BOTTOM OF THE 4TH
Portland Evergreens batting - Pitching for Las Vegas Flamingos : RHP Hikaru Yamaguchi
Batting: RHB Mei Kim 0-0: Ball
1-0: SINGLE (Groundball, 56D, EV 108.1 MPH)
Batting: SHB Willie McGirt 0-0: Called Strike
0-1: Called Strike
0-2: Ball
1-2: Fielders Choice at 2nd, 4-6 (Groundball, 34, EV 90.6 MPH)
Batting: RHB Jeff Solís 0-0: Called Strike
0-1: Called Strike
0-2: Strikes out swinging
Batting: RHB Blaze Alexander 0-0: Called Strike
0-1: Foul Ball, location: 2F
0-2: Fielders Choice at 2nd, 5-4 (Groundball, 56, EV 80.6 MPH)
Bottom of the 4th over - 0 runs, 1 hit, 0 errors, 1 left on base; Las Vegas 2 - Portland 5
TOP OF THE 5TH
Las Vegas Flamingos batting - Pitching for Portland Evergreens : RHP Vicente Durango
Batting: SHB Glyn Bolasky 0-0: Ground out 1-3 (Groundball, 23, EV 72.5 MPH)
Batting: RHB Sake van Arem 0-0: Called Strike
0-1: Foul Ball, location: 2F
0-2: Strikes out swinging
Batting: LHB Ruud van Ineveld 0-0: SINGLE (Groundball, 4MD, EV 97.5 MPH)
Batting: RHB Baldomero Avino 0-0: Fly out, F6 (Flyball, 56D, EV 88.8 MPH)
Top of the 5th over - 0 runs, 1 hit, 0 errors, 1 left on base; Las Vegas 2 - Portland 5
BOTTOM OF THE 5TH
Portland Evergreens batting - Pitching for Las Vegas Flamingos : RHP Hikaru Yamaguchi
Batting: SHB Billy Dotson 0-0: Ball
1-0: Foul Ball, location: 2F
1-1: Ball
2-1: Ball
3-1: Base on Balls
Pitching: RHP Kagetoki Matsubara
Batting: LHB John Schaefer 0-0: Called Strike
0-1: Ball
1-1: Swinging Strike
1-2: Strikes out swinging
Batting: RHB Bastiaan Pieterse 0-0: Foul Ball, location: 2F
0-1: DOUBLE (Flyball, 89D, EV 89.4 MPH)
Billy Dotson to third
Runner from 3rd tries for Home, SAFE, throw by CF to trailing runner, SAFE at third!
Batting: RHB Armando Rodríguez 0-0: Called Strike
0-1: Ball
1-1: Swinging Strike
1-2: Foul Ball, location: 2F
1-2: Ball
2-2: Ball
3-2: Base on Balls
Batting: RHB Yu-shu Tseng 0-0: Ball
1-0: Called Strike
1-1: Swinging Strike
1-2: Ball
2-2: SINGLE (Line Drive, 8RS, EV 92.5 MPH)
Bastiaan Pieterse scores
Armando Rodríguez to second
Runner from 2nd tries for 3rd, SAFE, throw by CF made to third
Batting: RHB Mei Kim 0-0: SINGLE (Line Drive, 4D, EV 95.6 MPH)
Armando Rodríguez scores
Yu-shu Tseng to second
Runner from 2nd tries for 3rd, SAFE, throw by RF made to third
Batting: SHB Willie McGirt 0-0: Ball
1-0: Foul Ball, location: 2F
1-1: Foul Ball, location: 2F
1-2: Foul Ball, location: 2F
1-2: Fly out, F8 (Line Drive, 8RM, EV 95.6 MPH)
Runner from 3rd tags up, SCORES, throw by CF
Batting: RHB Jeff Solís 0-0: Foul Ball, location: 2F
0-1: Ball
1-1: Foul Ball, location: 2F
1-2: Ball
2-2: Foul Ball, location: 2F
2-2: Fly out, F9 (Flyball, 89S, EV 76.9 MPH)
Bottom of the 5th over - 4 runs, 3 hits, 0 errors, 1 left on base; Las Vegas 2 - Portland 9
TOP OF THE 6TH
Las Vegas Flamingos batting - Pitching for Portland Evergreens : RHP Vicente Durango
Batting: RHB Xavier Hernández 0-0: Called Strike
0-1: Ball
1-1: Foul Ball, location: 2F
1-2: Ball
2-2: Foul Ball, location: 2F
2-2: Ball
3-2: Ground out 6-3 (Groundball, 6, EV 88.1 MPH)
Batting: LHB Victor Adams 0-0: Ground out 6-3 (Groundball, 6, EV 83.1 MPH)
Batting: RHB Joseph Papasogli 0-0: Ball
1-0: Swinging Strike
1-1: Ball
2-1: Foul Ball, location: 2F
2-2: Foul Ball, location: 2F
2-2: Foul Ball, location: 2F
2-2: TRIPLE (Flyball, 9LD, EV 94.4 MPH)
Batting: RHB Freedon Akinmoladun 0-0: Called Strike
0-1: Ball
1-1: Foul Ball, location: 2F
1-2: Ball
2-2: Strikes out swinging
Top of the 6th over - 0 runs, 1 hit, 0 errors, 1 left on base; Las Vegas 2 - Portland 9
BOTTOM OF THE 6TH
Portland Evergreens batting - Pitching for Las Vegas Flamingos : RHP Kagetoki Matsubara
Batting: RHB Blaze Alexander 0-0: Ground out 6-3 (Groundball, 6M, EV 95.6 MPH)
Batting: SHB Billy Dotson 0-0: Foul Ball, location: 2F
0-1: Ball
1-1: Called Strike
1-2: Ball
2-2: Foul Ball, location: 2F
2-2: Foul Ball, location: 2F
2-2: Strikes out swinging
Batting: LHB John Schaefer 0-0: Ball
1-0: Ball
2-0: Ball
3-0: Base on Balls
Batting: RHB Bastiaan Pieterse 0-0: 2-RUN HOME RUN (Flyball, 9D, EV 103.1 MPH), Distance : 375 ft
Pitching: LHP José Sipe
Batting: RHB Armando Rodríguez 0-0: Hit by Pitch, AND HE CHARGES THE MOUND! The benches clear!
Pitching: RHP Ieyoshi Asai
Pinch Runner at 1st Jérôme Masson:
Batting: RHB Yu-shu Tseng 0-0: Called Strike
0-1: Ball
1-1: Foul Ball, location: 2F
1-2: Foul Ball, location: 2F
1-2: Strikes out swinging
Bottom of the 6th over - 2 runs, 1 hit, 0 errors, 1 left on base; Las Vegas 2 - Portland 11
TOP OF THE 7TH
Las Vegas Flamingos batting - Pitching for Portland Evergreens : RHP Vicente Durango
Pitching: RHP Keith Rojas
Now in RF: Jérôme Masson
Batting: RHB Guillermo Carrizales 0-0: Called Strike
0-1: Swinging Strike
0-2: Strikes out swinging
Batting: SHB Glyn Bolasky 0-0: Called Strike
0-1: Ball
1-1: Fly out, F8 (Flyball, 8RXD, EV 100.6 MPH)
Batting: RHB Sake van Arem 0-0: Ball
1-0: Ball
2-0: Swinging Strike
2-1: Ball
3-1: Ground out 1-3 (Groundball, P, EV 69.4 MPH)
Top of the 7th over - 0 runs, 0 hits, 0 errors, 0 left on base; Las Vegas 2 - Portland 11
BOTTOM OF THE 7TH
Portland Evergreens batting - Pitching for Las Vegas Flamingos : RHP Ieyoshi Asai
Batting: RHB Mei Kim 0-0: Called Strike
0-1: Ball
1-1: Called Strike
1-2: Foul Ball, location: 2F
1-2: Ball
2-2: Foul Ball, location: 2F
2-2: Ball
3-2: Strikes out looking
Batting: SHB Willie McGirt 0-0: Ball
1-0: Ball
2-0: Ball
3-0: Called Strike
3-1: Base on Balls
Batting: RHB Jeff Solís 0-0: Foul Ball, location: 2F
0-1: Ball
1-1: SINGLE (Groundball, 6MD, EV 103.1 MPH)
Willie McGirt to second
Pitching: RHP Christian Mustard
Pinch Hitting: RHB Pacu Martic 0-0: Ball
1-0: Grounds into double play, 6-4-3 (Groundball, 6, EV 78.8 MPH)
Bottom of the 7th over - 0 runs, 1 hit, 0 errors, 1 left on base; Las Vegas 2 - Portland 11
TOP OF THE 8TH
Las Vegas Flamingos batting - Pitching for Portland Evergreens : RHP Keith Rojas
Now at 1B: Pacu Martic
Batting: LHB Ruud van Ineveld 0-0: Ball
1-0: Ground out 4-3 (Groundball, 4, EV 86.2 MPH)
Batting: RHB Baldomero Avino 0-0: Fly out, F4 (Popup, 34S, EV 86.9 MPH)
Batting: RHB Xavier Hernández 0-0: Ball
1-0: Called Strike
1-1: Foul Ball, location: 2F
1-2: Ball
2-2: Strikes out swinging
Top of the 8th over - 0 runs, 0 hits, 0 errors, 0 left on base; Las Vegas 2 - Portland 11
BOTTOM OF THE 8TH
Portland Evergreens batting - Pitching for Las Vegas Flamingos : RHP Christian Mustard
Batting: SHB Billy Dotson 0-0: Ball
1-0: Ball
2-0: Ball
3-0: Fly out, F9 (Flyball, 9, EV 95.6 MPH)
Batting: LHB John Schaefer 0-0: Ball
1-0: Called Strike
1-1: Swinging Strike
1-2: Strikes out swinging
Batting: RHB Bastiaan Pieterse 0-0: Ball
1-0: Called Strike
1-1: Swinging Strike
1-2: Foul Ball, location: 2F
1-2: Ball
2-2: Ball
3-2: Base on Balls
Batting: LHB Jérôme Masson 0-0: Ball
1-0: Foul Ball, location: 2F
1-1: Ball
2-1: Called Strike
2-2: Ball
3-2: Foul Ball, location: 2F
3-2: Fly out, F9 (Flyball, 9S, EV 83.8 MPH)
Bottom of the 8th over - 0 runs, 0 hits, 0 errors, 1 left on base; Las Vegas 2 - Portland 11
TOP OF THE 9TH
Las Vegas Flamingos batting - Pitching for Portland Evergreens : RHP Keith Rojas
Batting: LHB Victor Adams 0-0: SINGLE (Line Drive, 4MD, EV 93.8 MPH)
Pitching: RHP Branlyn Jaraba
Batting: RHB Joseph Papasogli 0-0: Fielders Choice at 2nd, 6-4 (Groundball, 6, EV 80.6 MPH)
Batting: RHB Freedon Akinmoladun 0-0: Called Strike
0-1: Ball
1-1: Swinging Strike
1-2: Ball
2-2: Ball
3-2: Base on Balls
Joseph Papasogli to second
Batting: RHB Guillermo Carrizales 0-0: Grounds into double play, 6-4-3 (Groundball, 6M, EV 84.4 MPH)
Top of the 9th over - 0 runs, 1 hit, 0 errors, 1 left on base; Las Vegas 2 - Portland 11
Thursday, January 23rd, 2020 - OOTP Baseball 20.8 Build 74